 Dungeon Crawl Stone Soup version 0.32-a0-128-g77eb882913 (webtiles) character file.

Game seed: 1441322952200666233

340 Khashishi the Sneak (level 6, -8/34 HPs)
             Began as a Vine Stalker Brigand on Feb 7, 2024.
             Was a Follower of Dithmenos.
             Mangled by Menkaure (13 damage)
             ... on level 4 of the Dungeon.
             The game lasted 00:20:09 (2094 turns).

Khashishi the Sneak (Vine Stalker Brigand)          Turns: 2094, Time: 00:20:09

Health: -8/34      AC:  9    Str: 17    XL:     6   Next: 56%
Magic:  0/7        EV: 10    Int: 11    God:    Dithmenos [*.....]
Gold:   150        SH:  8    Dex: 18    Spells: 5/5 levels left

rFire   . . .        a - +2 dagger
rCold   . . .        l - +0 kite shield
rNeg    . . .        f - +0 leather armour
rPois   .            e - +0 helmet
rElec   .            c - +0 cloak
rCorr   .            (no gloves)
SInv    .            o - +3 pair of boots of Inference {^Contam Rampage Will+ Str+4}
Will    +....        k - amulet of regeneration
Stlth   +++          (no ring)
HPRegen 1.85/turn    (no ring)
MPRegen 0.10/turn

%: guardian spirit, rampage
@: wreathed by umbra
A: fangs 2, regeneration 1, magic shield, antimagic bite, no potion heal 2
a: Renounce Religion


You were on level 4 of the Dungeon.
You worshipped Dithmenos.
Dithmenos was aware of your devotion.
You visited 1 branch of the dungeon, and saw 4 of its levels.

You collected 150 gold pieces.

Inventory:

Hand Weapons
 a - a +2 dagger (weapon)
 b - a +0 dagger of venom
Armour
 c - a +0 cloak (worn)
 e - a +0 helmet (worn)
 f - a +0 leather armour (worn)
 l - a +0 kite shield (worn)
 o - the +3 pair of boots of Inference (worn) {^Contam Rampage Will+ Str+4}
   (You found it on level 2 of the Dungeon)

   Str+4:     It affects your strength (+4).
   Will+:     It increases your willpower.
   ^Contam:   It causes magical contamination when unequipped.
   Rampage:   It bestows one free step when moving towards enemies.
Jewellery
 k - an amulet of regeneration (around neck)
 q - an amulet of the acrobat
Scrolls
 g - a scroll of blinking {unknown}
 i - a scroll of poison
 m - a scroll of torment
 n - a scroll of enchant armour {unknown}
 p - 3 scrolls of teleportation {unknown}
 r - a scroll of butterflies {unknown}
 t - a scroll of enchant weapon {unknown}
Potions
 d - a potion of might {unknown}
 h - a potion of attraction {unknown}
 u - a potion of curing


   Skills:
 + Level 4.3 Fighting
 + Level 4.3 Short Blades
 - Level 1.7 Throwing
 + Level 0.4 Armour
 + Level 1.1 Dodging
 - Level 4.8 Stealth
 + Level 0.4 Shields


You had 5 spell levels left.
You didn't know any spells.
Your spell library contained the following spells:

 Spells                   Type           Power      Damage    Failure   Level
 Jinxbite                 Hex            0%         N/A       90%         2
 Gell's Gravitas          Tloc           0%         N/A       99%         3
 Teleport Other           Tloc           0%         N/A       99%         3
 Tukima's Dance           Hex            0%         N/A       99%         3
 Cause Fear               Hex            0%         N/A       100%        4
 Dimensional Bullseye     Hex/Tloc       0%         N/A       100%        4
 Iskenderun's Mystic Bla  Conj/Tloc      0%         2d3       100%        4
 Fireball                 Conj/Fire      0%         3d3       100%        5
 Yara's Violent Unravell  Hex/Alch       0%         3d3       100%        5
 Dispersal                Tloc           0%         N/A       100%        6
 Enfeeble                 Hex            0%         N/A       100%        7
 Dragon's Call            Summ           0%         N/A       100%        9


Dungeon Overview and Level Annotations

Branches:
Dungeon (4/15)
 Temple: D:4-7

Altars:
Dithmenos

Annotations:
D:4 Menkaure


Innate Abilities, Weirdness & Mutations

You have extremely sharp teeth.
Your natural rate of healing is unusually fast.
When hurt, damage is shared between your health and your magic reserves.
Your bite disrupts and absorbs the magic of your enemies.
Potions cannot restore your health.


Message History

Menkaure shouts!
You hit the jackal but do no damage.
The jackal is poisoned.
You bite the jackal. You drain its power.
The jackal is moderately wounded.
Menkaure gestures wildly while chanting.
Menkaure seems to speed up.
You closely miss the jackal. You bite the jackal.
You kill the jackal!
Dithmenos accepts your kill. You block the jackal's attack.
You hit the jackal.
The jackal is poisoned.
Your bite misses the jackal.
The jackal is lightly wounded.
The jackal bites you but does no damage.
Okay, then.
You hit the jackal but do no damage.
The jackal looks as sick as possible!
You bite the jackal. You drain its power.
The jackal is heavily wounded.
You kill the jackal!
Dithmenos accepts your kill.
The centaur wields a +0 shortbow.
The centaur shoots an arrow.
The arrow barely misses you.
Okay, then.
Menkaure hits you but does no damage. You block Menkaure's attack.
Your +0 dagger of venom stops dripping with poison.
a - a +2 dagger (weapon)
You hit Menkaure but do no damage. Menkaure barely misses you.
You barely miss Menkaure. You bite Menkaure, but do no damage.
Menkaure hits you! Menkaure barely misses you.
You hit Menkaure but do no damage. Menkaure hits you!!
* * * LOW HITPOINT WARNING * * *
Menkaure attacks as he pursues you! You block Menkaure's attack.
As you read the scroll of fear, it crumbles to dust.
You assume a fearsome visage.
Menkaure is unaffected.
The orc looks frightened!
The centaur looks frightened!
Menkaure casts a spell at you. Pain shoots through your body!
* * * LOW HITPOINT WARNING * * *
The orc almost stumbles in trying to escape.
Menkaure hits you!
You die...

.#. .## ... .... ##.#
#....##$.##
#......##.# ##<.....#
# ###.....### .#
....(..## ..o
...#....@### ##...#
....####...M.##......
.##.###?[......o.....
. ....(...)†###.... #
.....(....c# .
.##.......##
.####........#
.............##
......##.#.#..#


You could see Menkaure (fast), a centaur (fleeing) and an orc (fleeing).

Vanquished Creatures
  A scorpion (D:4)
  An orc priest (D:4)
  A gnoll bouda (D:3)
  2 orc wizards
  Robin (D:4)
  3 gnolls (D:3)
  3 adders
  A dart slug (D:3)
  2 ribbon worms (D:2)
  10 orcs
  4 endoplasms
  3 giant cockroaches
  16 goblins
  11 hobgoblins
  4 jackals (D:4)
  5 kobolds
  6 quokkas
  2 ball pythons
  8 bats
  A frilled lizard (D:1)
  6 rats
91 creatures vanquished.

Notes
Turn   | Place    | Note
-------+----------+-------------------------------------------
     0 | D:1      | Khashishi the Vine Stalker Brigand began the quest for the
                  | Orb.
     0 | D:1      | Reached XP level 1. HP: 11/11 MP: 2/2
   114 | D:2      | Reached XP level 2. HP: 15/15 MP: 3/3
   637 | D:2      | Reached XP level 3. HP: 19/19 MP: 4/4
   772 | D:3      | Reached XP level 4. HP: 24/24 MP: 2/5
  1011 | D:2      | Identified the +3 pair of boots of Inference {^Contam
                  | Rampage Will+ Str+4}
  1288 | D:3      | Reached XP level 5. HP: 28/28 MP: 4/6
  1542 | D:3      | Found a shadowy altar of Dithmenos.
  1601 | D:3      | Became a worshipper of Dithmenos the Shadowed
  1839 | D:4      | Reached XP level 6. HP: 33/33 MP: 7/7
  1840 | D:4      | Noticed Menkaure
  1916 | D:4      | Noticed Robin
  1979 | D:4      | Killed Robin
  2006 | D:4      | Reached * piety under Dithmenos
  2016 | D:4      | Reached skill level 1 in Dodging
  2094 | D:4      | Mangled by Menkaure

Illustrated notes

Levels and vault maps discovered:
D:1:      nzn_arrival_settlement, layout_loops_cross
D:2:      layout_loops_cross, nicolae_figureground_sparkle
D:3:      layout_loops_ring, nicolae_dithmenos_the_darkroom
D:4:      layout_cave_pools, grunt_ministairs_15, uniq_menkaure, uniq_duvessa,
          uniq_robin, uniq_grinder

Skill      XL: |  1  2  3  4  5  6 |
---------------+-------------------+-----
Fighting       | 2 3 4 |  4.3
Short Blades   | 2 3 4 |  4.3
Dodging        | 1 |  1.1
Throwing       | |  1.7
Armour         | |  0.4
Stealth        | |  4.8
Shields        | |  0.4

Action                     |  1- 3 |  4- 6 || total
---------------------------+-------+-------++-------
  Melee: Dagger            |    58 |   172 ||   230
         Bite              |     7 |    55 ||    62
         Punch             |     1 |     2 ||     3
  Throw: Dart              |    10 |    26 ||    36
    Use: Scroll            |       |     7 ||     7
   Stab: Sleeping          |    10 |    13 ||    23
 Armour: Robe              |     2 |       ||     2
         Leather armour    |    18 |    85 ||   103
  Dodge: Dodged            |    22 |    56 ||    78
  Block: Kite shield       |       |    57 ||    57

Table legend: (Time is in decaauts)
 A = Elapsed time spent in this place.
 B = Non-inter-level travel time spent in this place.
 C = Inter-level travel time spent in this place.
 D = Time resting spent in this place.
 E = Time spent auto-exploring this place.
 F = Levels seen in this place.
 G = Mean time per level.
                   A        B        C        D        E       F      G
               +--------+--------+--------+--------+--------+-----+--------+
         Total |   2087 |   1913 |    174 |      0 |      0 |   4 |  521.8 |
       Dungeon |   2087 |   1913 |    174 |      0 |      0 |   4 |  521.8 |
               +--------+--------+--------+--------+--------+-----+--------+

Top non-repeatable levels by time:
     D:3: 778 daAuts
     D:1: 572 daAuts
     D:2: 568 daAuts
     D:4: 167 daAuts
